 Dungeon Crawl Stone Soup version 0.28-a0-21-gf74fda84f9 (webtiles) character file.

Game seed: 4574436622555061380

54 Sweetruy1997 the Magician (level 4, 0/31 HPs)
             Began as a Djinni Hedge Wizard on July 26, 2021.
             Slain by a goblin (3 damage)
             ... led by Robin
             ... on level 3 of the Dungeon.
             The game lasted 00:04:46 (2368 turns).

Sweetruy1997 the Magician (Djinni Hedge Wizard)     Turns: 2368, Time: 00:04:47

Health: 0/31       AC:  4    Str:  9    XL:     4   Next: 12%
Gold:   33         EV: 11    Int: 17    God:
                   SH:  5    Dex: 12

rFire   + + +      SeeInvis .   a - +0 dagger
rCold   . . .      Faith    .   (no shield)
rNeg    . . .      Spirit   .   h - +0 leather armour
rPois   ∞          Reflect  +   c - +0 hat
rElec   +          Harm     .   k - +0 cloak
rCorr   +          Rampage  .   (no gloves)
Will    .....                   (boots unavailable)
Stlth   ++........              b - amulet of reflection
HPRegen 0.10/turn               (no ring)
MPRegen 0.00/turn               (no ring)

@: resistant, flying
A: sickness immunity, fire resistance 2, cold vulnerability 1, float, innate
caster, hp casting, extra vitality 1
a: no special abilities


You were on level 3 of the Dungeon.
You visited 1 branch of the dungeon, and saw 3 of its levels.

You collected 33 gold pieces.

Inventory:

Hand Weapons
 a - a +0 dagger (weapon)
Armour
 c - a +0 hat (worn)
 h - a +0 leather armour (worn)
 k - a +0 cloak (worn)
Jewellery
 b - an amulet of reflection (around neck)
Scrolls
 d - 2 scrolls of teleportation {unknown}
 e - 2 scrolls of noise {unknown}
 g - 2 scrolls of identify {unknown}
 i - a scroll of amnesia {unknown}
Potions
 j - a potion of cancellation {unknown}


   Skills:
 + Level 0.1 Armour
 + Level 2.5 Dodging
 + Level 1.9 Stealth
 + Level 0.2 Shields
 + Level 3.3 Spellcasting


You couldn't memorise any spells.
You knew the following spells:

 Your Spells              Type           Power      Damage    Failure   Level
a - Magic Dart            Conj           56%        1d5       6%          1
b - Blink                 Tloc           N/A        N/A       9%          2
c - Call Imp              Summ           14%        N/A       9%          2
d - Slow                  Hex            14%        N/A       9%          2
e - Conjure Flame         Conj/Fire      14%        6-21      19%         3
f - Mephitic Cloud        Conj/Pois/Air  14%        N/A       19%         3
g - Shock                 Conj/Air       56%        1d6       6%          1
Your spell library was empty.

Dungeon Overview and Level Annotations

Branches:
Dungeon (3/15)

Altars:


Innate Abilities, Weirdness & Mutations

You are immune to sickness and miasma.
You are immune to poison.
Your flesh is very heat resistant. (rF++)
You are vulnerable to cold. (rC-)
You float through the air rather than walking.
You learn spells naturally, not from books.
Your magical power is your life essence.
You have superior vitality. (+4 HP)


Message History

A goblin comes into view. It is wielding a +0 dagger.
You hit Robin but do no damage.
Robin is almost dead.
Robin throws the goblin at you!
You completely miss Robin.
Robin is almost dead.
You block the goblin's attack. Robin throws the goblin at you!
You hit Robin.
Robin is almost dead.
You block the goblin's attack. The goblin misses you.
Your magical contamination has completely faded away.
You barely miss Robin.
Robin is almost dead.
A goblin comes into view. It is wielding a +0 dagger.
The goblin barely misses you. Robin throws the goblin at you!
You block the goblin's attack. The goblin hits you but does no damage.
The goblin shouts!
You hit Robin but do no damage.
Robin is almost dead.
You hear a shout!
The goblin no longer looks unusually strong.
The goblin hits you with a +0 club. The goblin hits you but does no damage.
The goblin hits you with a +0 dagger.
* * * LOW HITPOINT WARNING * * *
You hit Robin but do no damage.
Robin is almost dead.
The goblin closely misses you. The goblin hits you with a +0 dagger.
* * * LOW HITPOINT WARNING * * *
The goblin hits you with a +0 dagger.
* * * LOW HITPOINT WARNING * * *
You hit Robin.
You kill Robin!
The goblin hits you but does no damage. The goblin closely misses you.
You block the goblin's attack.
You have reached level 4!
You feel clever.
It was a potion of resistance.
You feel protected. The goblin hits you with a +0 club.
You die...

g# g# ########### .#
#.........# )#
####.#######.# .#
#......# #.###.##
#.##.#.#####g##...###
#.##.#.#...†g@ggg...#
#.##.#.#.###g##g.......
### #.##....
...###....### #.#
#.##.#.# ##### .####
#.# #.##.#.# .# ###.#
#.##.#.# #+## #....
#......# ##...## ##.###
####.###
##.....######..# #
#.#.##
##..............###


You could see a hobgoblin and 6 goblins.

Vanquished Creatures
  Robin (D:3)
  6 ball pythons
  3 endoplasms
  4 giant cockroaches
  5 goblins
  3 hobgoblins
  3 jackals (D:2)
  4 bats
  2 frilled lizards
  3 kobolds
  5 rats
39 creatures vanquished.

Vanquished Creatures (collateral kills)
  A dart slug (D:1)
1 creature vanquished.

Grand Total: 40 creatures vanquished

Notes
Turn   | Place    | Note
-------+----------+-------------------------------------------
     0 | D:1      | Sweetruy1997 the Djinni Hedge Wizard began the quest for
                  | the Orb.
     0 | D:1      | Reached XP level 1. HP: 15/15 MP: 0/0
   271 | D:1      | Reached XP level 2. HP: 16/21 MP: 0/0
   911 | D:1      | Reached skill level 3 in Spellcasting
  1019 | D:1      | Found a faded altar of an unknown god.
  1109 | D:2      | Reached XP level 3. HP: 24/25 MP: 0/0
  1109 | D:2      | Learned a level 1 spell: Shock
  2342 | D:3      | Noticed Robin
  2367 | D:3      | Killed Robin
  2368 | D:3      | Reached XP level 4. HP: 3/31 MP: 0/0
  2368 | D:3      | Slain by a goblin

Illustrated notes

Levels and vault maps discovered:
D:1:      lightli_arrival_quake, layout_rooms,
          shapermc_ecumenical_altar_mp_vishouse
D:2:      layout_loops_ring
D:3:      layout_loops_corners, palyth_temple_overflow_mages,
          nicolae_ru_path_of_blood, mainiacjoe_overflow_cross_hatched,
          minmay_misc_feat_roman, nrook_mini_backslash, uniq_robin

Skill      XL: |  1  2 |
---------------+-------+-----
Spellcasting   | 3 |  3.3
Armour         | |  0.1
Dodging        | |  2.5
Stealth        | |  1.9
Shields        | |  0.2

Action                   |  1- 3 |  4- 6 || total
-------------------------+-------+-------++-------
Melee: Dagger            |    60 |       ||    60
 Cast: Magic Dart        |    37 |       ||    37
       Call Imp          |     2 |       ||     2
       Shock             |    39 |       ||    39
       Slow              |     1 |       ||     1
  Use: Potion            |       |     1 ||     1
Armor: Leather armour    |    20 |       ||    20
Dodge: Dodged            |    30 |       ||    30
Block: Other             |    15 |       ||    15

Table legend: (Time is in decaauts)
 A = Elapsed time spent in this place.
 B = Non-inter-level travel time spent in this place.
 C = Inter-level travel time spent in this place.
 D = Time resting spent in this place.
 E = Time spent auto-exploring this place.
 F = Levels seen in this place.
 G = Mean time per level.
                   A        B        C        D        E       F      G
               +--------+--------+--------+--------+--------+-----+--------+
         Total |   2367 |   2320 |     47 |    558 |   1516 |   3 |  789.0 |
       Dungeon |   2367 |   2320 |     47 |    558 |   1516 |   3 |  789.0 |
               +--------+--------+--------+--------+--------+-----+--------+

Top non-repeatable levels by time:
     D:2: 1101 daAuts
     D:1: 1068 daAuts
     D:3: 197 daAuts
